Map: Moonlight Madness LE (Void)

Players

wabbajack - Winner!

  • Race: Zerg Zerg
  • League: Grandmaster

VOD

Have the link to the VOD?

Description

Time

  • Played on: July 15, 2015, 10:40 p.m.
  • Length: 3:24
Show
View Real Time Build Order
Export as new Build Order

wabbajack Zerg - Winner!

Build Orders: Pool First 

Get SALT Encoding   

  12  0:04  Extractor  
  12  0:08  Drone  
  12  0:32  Spawning Pool  
  12  0:35  Drone x2  
  12  0:50  Overlord  
  12  0:56  Drone  
  12  1:19  Zergling x6  
  12  1:20  Metabolic Boost  
  12  1:33  Zergling x2  
  12  1:41  Queen  
  12  1:46  Overlord  
  12  2:06  Drone x2  
  12  2:23  Hatchery  
  12  2:59  Overlord  
  12  3:01  Drone  
  12  3:02  Drone x5  
  12  3:19  Hatchery  
Tags
 
Add a new tag
Caveats
  • Supply blocks, unpowered buildings, or Contaminate may cause inaccurate times.
  • Supply counts are checked every 10 seconds.